AoeStats
← tarepo

Black Forest

505633234Analyzed
4v4 RM · 21d ago on Sep 10, 2026· 45m 59s· 8 players
Game mode
Random Map
Map size
Large (8 player)
Population
200
Speed
Normal
Resources
Standard
Victory
Conquest
Starting age
Dark Age
Ending age
Imperial Age
RankedLock teamsTeams togetherTeam positionsShared explorationLock speedFull tech treeHidden civsTurbo modeCheats
Victory
Defeat
🇨🇳 Huns · China
698
+25
🇨🇳 Vietnamese · China
674
+13
🇷🇴 Bengalis · Romania
531
+20
🇨🇭 Spanish · Switzerland
507
+21
🇪🇸 Franks · Spain
621
-17
🇹🇷 Inca · Türkiye
615
-17
🇨🇿 Teutons · Czechia
604
-16
🇧🇪 Persians · Belgium
603
-16
zibo4074
40:21 Loom
Pottaro
1:49 Loom
14:09 Feudal Age
14:45 Double-Bit Axe
16:31 Wheelbarrow
26:41 Castle Age
25:45 Forging
25:36 Scale Mail Armor
25:37 Padded Archer Armor
25:28 Fletching
25:45 Scale Barding Armor
26:36 Arson
28:00 Iron Casting
27:41 Chain Mail Armor
27:29 Husbandry
28:27 Hand Cart
29:40 Squires
29:02 Pikeman
32:00 Gold Mining
32:02 Stone Mining
33:37 Bow Saw
40:08 Bodkin Arrow
40:29 Leather Archer Armor
40:36 Chain Barding Armor
39:39 Elite Skirmisher
39:43 Light Cavalry
44:44 Imperial Age
44:59 Elite Throwing Axeman
AlarmingSquid25
1:07 Loom
12:32 Feudal Age
20:55 Castle Age
21:06 Wheelbarrow
20:16 Town Watch
20:24 Gold Mining
20:18 Horse Collar
20:45 Double-Bit Axe
21:09 Stone Mining
23:31 Bow Saw
23:25 Heavy Plow
30:38 Imperial Age
30:18 Gold Shaft Mining
30:05 Kamandaran
33:33 Thumb Ring
32:48 Crossbowman
34:07 Fletching
35:19 Chemistry
35:59 Bodkin Arrow
37:47 Crop Rotation
37:57 Conscription
39:57 Two-Man Saw
40:17 Hand Cart
40:03 Town Patrol
41:43 Masonry
41:37 Padded Archer Armor
42:41 Murder Holes
43:07 Leather Archer Armor
44:17 Hoardings
44:40 Ring Archer Armor
44:32 Ballistics
VegVaras
0:33 Loom
15:32 Feudal Age
18:05 Wheelbarrow
17:17 Town Watch
17:15 Horse Collar
17:21 Double-Bit Axe
17:26 Gold Mining
17:27 Stone Mining
39:24 Castle Age
40:15 Heavy Plow
40:27 Bow Saw
40:57 Gold Shaft Mining
41:00 Stone Shaft Mining
41:24 Hand Cart
41:10 Town Patrol
44:39 Caravan
45:10 Coinage
tarepo
1:17 Loom
15:17 Feudal Age
16:55 Wheelbarrow
16:11 Town Watch
18:31 Wheelbarrow
18:07 Gold Mining
21:37 Castle Age
19:25 Double-Bit Axe
20:06 Horse Collar
20:23 Stone Mining
23:50 Hand Cart
24:08 Bow Saw
30:18 Fortified Wall
30:19 Masonry
31:03 Heavy Plow
31:41 Murder Holes
35:31 Imperial Age
35:54 Scale Barding Armor
36:00 Forging
35:57 Cavalier
36:37 Husbandry
36:48 Bloodlines
37:47 Chemistry
37:18 Architecture
40:29 Town Patrol
40:56 Conscription
41:35 Chain Barding Armor
41:51 Iron Casting
42:28 Two-Man Saw
43:51 Plate Barding Armor
43:07 Fletching
43:20 Padded Archer Armor
43:53 Caravan
44:30 Elite Conquistador
45:26 Onager
pentrusmurf
0:30 Loom
12:24 Feudal Age
13:04 Stone Mining
13:41 Town Watch
15:34 Fletching
15:45 Padded Archer Armor
31:41 Wheelbarrow
39:32 Horse Collar
梁山
13:04 Feudal Age
11:49 Loom
13:50 Double-Bit Axe
13:50 Horse Collar
14:03 Gold Mining
17:49 Stone Mining
21:26 Castle Age
19:28 Fletching
20:17 Padded Archer Armor
23:02 Stone Shaft Mining
22:29 Heavy Plow
22:44 Bow Saw
24:42 Leather Archer Armor
26:32 Elite Skirmisher
27:22 Thumb Ring
30:44 Bodkin Arrow
32:28 Ballistics
35:05 Imperial Age
32:31 Crossbowman
32:58 Pikeman
33:39 Squires
36:06 Imperial Skirmisher
36:57 Bracer
37:28 Ring Archer Armor
默认
12:09 Loom
16:37 Feudal Age
17:57 Wheelbarrow
17:09 Town Watch
20:49 Double-Bit Axe
21:44 Horse Collar
37:13 Castle Age
37:23 Castle Age
39:24 Caravan
40:02 Coinage
40:17 Hand Cart
40:06 Town Patrol
40:19 Marauders
41:38 Forging
41:33 Padded Archer Armor
41:42 Scale Barding Armor
42:10 Marauders
Connection lost

Rejoining the realm…

Still unreachable

The connection could not be restored.

Session expired

The server has moved on; the page needs a fresh start.